 Dungeon Crawl Stone Soup version 0.21-a0-84-g85d6d27 (webtiles) character file.

16045 nikopol the Cleaver (level 12, -12/88 HPs)
             Began as a Minotaur Berserker on June 24, 2017.
             Was a High Priest of Trog.
             Killed from afar by a wretched star (21 damage)
             ... with an orb of energy
             ... on level 1 of the Abyss.
             The game lasted 00:30:09 (13080 turns).

nikopol the Cleaver (Minotaur Berserker)           Turns: 13080, Time: 00:30:10

Health: -12/88     AC: 15    Str: 23    XL:     12   Next: 6%
Magic:  8/8        EV: 11    Int:  0    God:    Trog [*****.]
Gold:   157        SH:  4    Dex: 14    Spells: 11/11 levels left

rFire    . . .     SeeInvis .   a - +1 war axe (flame)
rCold    . . .     Gourm    .   (no shield)
rNeg     + . .     Faith    .   b - +0 chain mail {rN+}
rPois    .         Spirit   .   I - +1 hat
rElec    .         Reflect  +   u - +0 cloak
rCorr    .         Harm     .   v - +0 pair of gloves
MR       +....                  (no boots)
Stlth    ..........             D - +4 amulet of reflection
HPRegen  0.24/turn              E - ring of protection from magic
MPRegen  0.11/turn              g - ring of stealth

@: lethally poisoned (-12 -> -12), very slightly contaminated, hasted and
slowed, lost intelligence
A: retaliatory headbutt, horns 2, [dopey 2], [frail 2], [low mp 2], [subdued
magic 2]
a: Berserk, Trog's Hand, Brothers in Arms, Burn Spellbooks, Renounce Religion


You were on level 1 of the Abyss.
You worshipped Trog.
Trog was extremely pleased with you.
You were near starving.

You visited 2 branches of the dungeon, and saw 13 of its levels.
You visited the Abyss 1 time.

You collected 625 gold pieces.
You spent 468 gold pieces at shops.

Inventory:

Hand Weapons
 a - a +1 war axe of flaming (weapon)
 r - a +1 war axe of freezing
 s - the +7 hand axe "Seanug" {chop, *Noise rElec MR+ Int+3}
   (You found it on level 1 of the Lair of Beasts)

   It inflicts extra damage upon your enemies.
   It affects your intelligence (+3).
   It insulates you from electricity.
   It affects your resistance to hostile enchantments.
   It may make noises in combat.
 z - a +3 shortbow of flaming
Missiles
 m - 91 arrows (quivered)
Armour
 b - a +0 chain mail of positive energy (worn)
 u - a +0 cloak (worn)
 v - a +0 pair of gloves (worn)
 I - a +1 hat (worn)
Jewellery
 g - a ring of stealth (right hand)
 D - a +4 amulet of reflection (around neck)
 E - a ring of protection from magic (left hand)
 O - an uncursed ring of flight {unknown}
 R - an uncursed ring of magical power
Wands
 L - a wand of confusion (21/48)
 N - a wand of digging (7/24)
 P - a wand of acid (13/15)
Scrolls
 d - a scroll of fear {unknown}
 e - 2 scrolls of noise {unknown}
 i - 2 scrolls of identify
 j - 3 scrolls of amnesia
 k - 6 scrolls of remove curse
 q - 2 scrolls of enchant weapon {unknown}
 x - 3 scrolls of enchant armour
 y - 2 scrolls of magic mapping {unknown}
 F - 5 scrolls of teleportation {unknown}
 K - a scroll of random uselessness {unknown}
 M - a scroll of vulnerability {unknown}
 Q - a scroll of summoning {unknown}
Potions
 f - 4 potions of heal wounds
 h - a potion of cancellation {unknown}
 n - 9 potions of curing
 o - 2 potions of invisibility
 t - 3 potions of flight {unknown}
 w - 3 potions of haste
 A - 3 potions of brilliance {unknown}
 B - 4 potions of agility {unknown}
 G - 2 potions of ambrosia {unknown}
 H - a potion of berserk rage {unknown}
 J - 3 potions of resistance {unknown}
Comestibles
 c - 10 bread rations
 l - 8 meat rations
 p - 12 fruits
 C - 3 royal jellies


   Skills:
 + Level 11.1 Fighting
 + Level 13.9 Axes
 + Level 9.6 Bows
 + Level 10.4 Armour
 + Level 5.2 Dodging
 + Level 2.3 Stealth


You had 11 spell levels left.
You didn't know any spells.

Dungeon Overview and Level Annotations

Branches:
Dungeon (11/15)            Temple (0/1) D:6            Lair (2/6) D:10
  Swamp: Lair:2-4    Shoals: Lair:2-4     Snake: Lair:2-4    Spider: Lair:2-4
    Orc: D:9-12

Altars:
Ashenzari
Dithmenos
Elyvilon
Fedhas
Gozag
Kikubaaqudgha
Okawaru
Uskayaw
Zin

Shops:
D:8 [*   D:9 [

Annotations:
Lair:2 Sonja


Innate Abilities, Weirdness & Mutations

You reflexively headbutt those who attack you in melee.
You have a pair of horns on your head.
[You are very dopey. (Int -4)]
[You are very frail. (-20% HP)]
[Your magical capacity is very low. (-20% MP)]
[Your spells are easier to cast, but less powerful.]


Message History

You hit the wretched star.
You flicker back into view.
The apocalypse crab closely misses you. You furiously retaliate!
You headbutt the apocalypse crab, but do no damage.
The apocalypse crab barely misses you.
You hit the apocalypse crab but do no damage.
The apocalypse crab is severely wounded.
You slash the wretched star! You burn the wretched star.
The apocalypse crab bites you but does no damage.
The apocalypse crab misses you.
You slice the apocalypse crab!! You burn the apocalypse crab.
You kill the apocalypse crab!
Trog accepts your kill.
You hit the wretched star.
You feel sick.
You slash the wretched star! You burn the wretched star.
You headbutt the wretched star.
The wretched star is severely damaged.
The wretched star glows turbulently.
The orb of energy hits you!
You die...

. ..............
................
................
.............#.
......!.._....#
.............#.
##...........?.
.......*...##...
.......@.....#
................
...............#
#...............
................
...............
.........(......
............#...


You could see a wretched star.

Vanquished Creatures
  Gastronok (D:9)
  The ghost of Kite the Severer, a journeyman MiBe of Trog (Lair:1)
  Erolcha (D:9)
  5 two-headed ogres
  An ice statue (D:10)
  An apocalypse crab (Abyss:1)
  Joseph (D:9)
  3 spiny frogs
  3 gargoyles (D:10)
  A komodo dragon (Lair:1)
  3 trolls
  Prince Ribbit (D:7)
  3 hippogriffs
  3 water moccasins
  A soldier ant (D:10)
  A porcupine (Lair:1)
  5 ice beasts
  A black bear (D:9)
  An orc warrior (D:8)
  3 sky beasts
  A necrophage (D:9)
  4 ogres
  2 phantoms
  A centaur (D:9)
  2 crocodiles
  4 bullfrogs
  A gnoll sergeant (D:3)
  7 scorpions
  3 killer bees (D:9)
  2 howler monkeys (D:5)
  2 crimson imps
  2 quasits
  9 orc wizards
  A bullfrog skeleton (D:6)
  3 orc priests
  4 gnoll shamans
  9 hounds
  5 jellies
  A centaur skeleton (D:5)
  An iguana (D:9)
  Jessica (D:3)
  7 worker ants
  A killer bee zombie (D:10)
  A hound zombie (D:6)
  20 adders
  31 gnolls
  A howler monkey skeleton (D:10)
  A worker ant zombie (D:7)
  2 shadow imps (D:10)
  A worm (D:3)
  5 leopard geckos
  33 orcs
  8 bats
  7 giant cockroaches
  8 goblins
  9 hobgoblins
  32 jackals
  7 quokkas
  5 frilled lizards
  4 kobolds
  A quokka skeleton (D:6)
  10 rats
  A bush (Lair:1)
  4 fungi (Lair:1)
  12 plants (D:10)
316 creatures vanquished.

Vanquished Creatures (collateral kills)
  A hydra (Lair:2)
  A bullfrog (Lair:2)
2 creatures vanquished.

Grand Total: 318 creatures vanquished

Notes
Turn   | Place    | Note
-------+----------+-------------------------------------------
     0 | D:1      | nikopol the Minotaur Berserker began the quest for the Orb.
     0 | D:1      | Reached XP level 1. HP: 19/19 MP: 0/0
   411 | D:1      | Reached XP level 2. HP: 21/27 MP: 1/1
   476 | D:1      | Reached skill level 4 in Axes
  1093 | D:2      | Reached XP level 3. HP: 25/33 MP: 2/2
  1228 | D:2      | HP: 1/33 [poisoned by an adder]
  1527 | D:2      | Reached ** piety under Trog
  1602 | D:2      | Found a hide-covered altar of Uskayaw.
  1817 | D:2      | Found a glowing silver altar of Zin.
  1818 | D:2      | Noticed an angel
  1945 | D:3      | Reached XP level 4. HP: 39/40 MP: 3/3
  1952 | D:3      | Reached skill level 5 in Axes
  2098 | D:3      | Reached skill level 1 in Stealth
  2099 | D:3      | Reached XP level 5. HP: 46/47 MP: 4/4
  2333 | D:3      | Reached *** piety under Trog
  2787 | D:3      | Reached skill level 5 in Fighting
  2787 | D:3      | Reached skill level 6 in Axes
  2787 | D:3      | Reached XP level 6. HP: 56/56 MP: 5/5
  3124 | D:3      | Noticed Jessica
  3130 | D:3      | Killed Jessica
  3130 | D:3      | Reached skill level 7 in Axes
  3226 | D:3      | Reached **** piety under Trog
  3266 | D:3      | Reached XP level 7. HP: 61/61 MP: 6/6
  3436 | D:3      | Found a shattered altar of Ashenzari.
  4860 | D:4      | Reached skill level 8 in Axes
  4919 | D:4      | Reached skill level 5 in Armour
  5003 | D:4      | Reached XP level 8. HP: 70/70 MP: 7/7
  5117 | D:5      | Entered Level 5 of the Dungeon
  5214 | D:5      | Found a shattered altar of Ashenzari.
  5215 | D:5      | Found an ancient bone altar of Kikubaaqudgha.
  5257 | D:5      | Found an opulent altar of Gozag.
  5320 | D:5      | Found an iron altar of Okawaru.
  5701 | D:5      | Found a blossoming altar of Fedhas.
  5901 | D:6      | Reached skill level 9 in Axes
  6342 | D:6      | Found a staircase to the Ecumenical Temple.
  6542 | D:7      | Reached skill level 10 in Axes
  6550 | D:7      | Reached ***** piety under Trog
  6652 | D:7      | Found a white marble altar of Elyvilon.
  6653 | D:7      | Noticed Prince Ribbit
  6659 | D:7      | Received a gift from Trog
  6768 | D:7      | Killed Prince Ribbit
  6768 | D:7      | Reached XP level 9. HP: 62/79 MP: 8/8
  7057 | D:7      | Found a shadowy altar of Dithmenos.
  7099 | D:7      | Noticed a two-headed ogre
  7107 | D:7      | Killed a two-headed ogre
  7107 | D:7      | Reached skill level 11 in Axes
  7740 | D:8      | Reached skill level 12 in Axes
  7841 | D:8      | Found Ipomo's General Store.
  7856 | D:8      | Bought a +1 war axe of flaming for 186 gold pieces
  7856 | D:8      | Bought a +0 shortbow for 42 gold pieces
  7890 | D:8      | Found Nosavo's Antique Armour Shop.
  8213 | D:9      | Reached skill level 5 in Dodging
  8250 | D:9      | Noticed a troll
  8256 | D:9      | Killed a troll
  8256 | D:9      | Reached XP level 10. HP: 77/90 MP: 9/9
  8352 | D:9      | Reached skill level 1 in Bows
  8999 | D:9      | Noticed Erolcha
  9010 | D:9      | Killed Erolcha
  9235 | D:9      | Noticed a two-headed ogre
  9245 | D:9      | Killed a two-headed ogre
  9330 | D:9      | Received a gift from Trog
  9332 | D:9      | Noticed Joseph
  9343 | D:9      | Killed Joseph
  9504 | D:9      | Noticed a two-headed ogre
  9520 | D:9      | Killed a two-headed ogre
  9520 | D:9      | Reached skill level 13 in Axes
  9520 | D:9      | Reached skill level 5 in Bows
  9683 | D:9      | Found Osijais's Armour Shoppe.
  9834 | D:9      | Noticed Gastronok
  9849 | D:9      | Killed Gastronok
  9849 | D:9      | Reached skill level 10 in Fighting
  9849 | D:9      | Reached XP level 11. HP: 93/99 MP: 10/10
 10040 | D:10     | Entered Level 10 of the Dungeon
 10071 | D:10     | Received a gift from Trog
 10150 | D:10     | Found a staircase to the Lair.
 10299 | D:10     | Noticed a two-headed ogre
 10307 | D:10     | Killed a two-headed ogre
 10641 | D:10     | Noticed a two-headed ogre
 10650 | D:10     | Killed a two-headed ogre
 11370 | D:8      | Bought a shiny chain mail for 240 gold pieces
 11479 | Lair:1   | Entered Level 1 of the Lair of Beasts
 11479 | Lair:1   | Noticed Kite's ghost (journeyman MiBe)
 11497 | Lair:1   | Killed Kite's ghost
 11590 | D:10     | Reached skill level 10 in Armour
 12167 | Lair:1   | Got a fine hand axe
 12354 | Lair:1   | Identified the +7 hand axe "Seanug" {chop, *Noise rElec MR+ Int+3} (You found it on level 1 of the Lair of Beasts)
 13047 | Lair:2   | Noticed a five-headed hydra
 13049 | Lair:2   | Noticed Sonja
 13052 | Lair:2   | Killed a five-headed hydra
 13052 | Lair:2   | Reached XP level 12. HP: 73/110 MP: 11/11
 13055 | Lair:2   | Cast into level 1 of the Abyss (Sonja)
 13055 | Abyss:1  | Found a corrupted altar of Lugonu.
 13073 | Abyss:1  | Lost intelligence.
 13080 | Abyss:1  | Killed from afar by a wretched star

Vault maps used:
D:1:      lemuel_arrival_funnel, serial_bayou_pond_e, minmay_split_cup_small
D:2:      eat_drink_and_be_merry_uskayaw, zin_angel
D:3:      lemuel_castle_with_subvaults, ashenzari_altar_1, uniq_jessica
D:4:      first_bread
D:5:      gammafunk_temple_overflow_statue, okawaru_metal_pillars_1_2,
          nicolae_gozag_seed_capital, fedhas_altar_4
D:6:      lemuel_temple_firewalk_b
D:7:      elyvilon_altar_5, old_standard_altar, grunt_ogre_cave, st_stairs_11,
          uniq_prince_ribbit1
D:8:      serial_shops, nicolae_shop_stone, shop
D:9:      serial_shops, shop, uniq_joseph, uniq_gastronok, uniq_erolcha
D:10:     lemuel_ice_statue, dpeg_oklobed_lair, feat_on_display
D:11:     erik_orc_3
Lair:1:   minmay_hedge_maze
Lair:2:   uniq_sonja
Abyss:1:  eino_small_chamber_without_monster

Skill      XL: |  1  2  3  4  5  6  7  8  9 10 11 |
---------------+----------------------------------+-----
Axes           | 4 5 6 7 8 10 12 13 | 13.9
Fighting       | 4 5 6 7 8 10 11 | 11.1
Dodging        | 3 4 5 |  5.2
Stealth        | 1 2 |  2.3
Armour         | 3 5 6 8 9 10 | 10.4
Bows           | 6 9 |  9.6

Action                   |  1- 3 |  4- 6 |  7- 9 | 10-12 || total
-------------------------+-------+-------+-------+-------++-------
Melee: Hand axe          |    72 |    10 |       |       ||    82
       Headbutt          |    11 |    19 |    54 |    76 ||   160
       War axe           |       |   142 |   290 |   277 ||   709
 Fire: Shortbow          |       |       |     8 |   252 ||   260
Invok: Berserk           |     1 |     1 |     2 |     2 ||     6
       Burn Spellbooks   |       |       |       |     2 ||     2
       Brothers in Arms  |       |       |       |     1 ||     1
  Use: Scroll            |       |       |     7 |     3 ||    10
  Eat: Chunk             |     4 |     5 |    18 |    14 ||    41
       Royal jelly       |       |       |       |     1 ||     1
Armor: Animal skin       |    15 |       |       |       ||    15
       Chain mail        |     5 |    85 |   128 |    76 ||   294
Dodge: Dodged            |    52 |    88 |   148 |    91 ||   379
Block: Other             |       |       |    16 |    31 ||    47
       Reflection        |       |       |     1 |       ||     1
